 Dungeon Crawl Stone Soup version 0.26-a0-610-g3e9335bbc7 (webtiles) character file.

Game seed: 2021032509000750553

103 ANON1729 the Skirmisher (level 4, -1/37 HPs)
             Began as a Mummy Chaos Knight on Sept 3, 2020.
             Was a Plaything of Xom.
             Shot with an arrow by a centaur (6 damage)
             ... on level 2 of the Dungeon.
             The game lasted 00:02:00 (1382 turns).

ANON1729 the Skirmisher (Mummy Chaos Knight)        Turns: 1382, Time: 00:02:00

Health: -1/37      AC:  5    Str: 16    XL:     4   Next: 51%
Magic:  4/4        EV: 12    Int: 11    God:    Xom [*.....]
Gold:   7          SH:  0    Dex: 11    Spells: 3/3 levels left

rFire    x . .     SeeInvis .   a - +0 spear (chaos)
rCold    + . .     Faith    .   (no shield)
rNeg     + + +     Spirit   .   b - +2 leather armour
rPois    ∞         Reflect  .   (no helmet)
rElec    .         Harm     .   (no cloak)
rCorr    .                      (no gloves)
MR       .....                  (no boots)
Stlth    +.........             (no amulet)
HPRegen  0.12/turn              (no ring)
MPRegen  0.09/turn              (no ring)

@: no status effects
A: no potions, fire vulnerability, cold resistance 1, negative energy resistance
3, torment resistance, unbreathing
a: Renounce Religion


You were on level 2 of the Dungeon.
You worshipped Xom.
You were a special plaything of Xom.
You visited 1 branch of the dungeon, and saw 2 of its levels.

You collected 7 gold pieces.

Inventory:

Hand Weapons
 a - a +0 spear of chaos (weapon)
 d - a +1 vampiric spear
Armour
 b - a +2 leather armour (worn)
Jewellery
 e - an uncursed ring of ice {unknown}
Scrolls
 c - a scroll of teleportation {unknown}
 f - a scroll of fear {unknown}
 g - a scroll of amnesia {unknown}


   Skills:
 + Level 3.6 Fighting
 + Level 3.1 Polearms
 + Level 2.3 Armour
 + Level 1.8 Dodging


You had 3 spell levels left.
You didn't know any spells.
Your spell library was empty.

Dungeon Overview and Level Annotations

Branches:
Dungeon (2/15)

Altars:


Innate Abilities, Weirdness & Mutations

You do not drink.
Your flesh is vulnerable to fire.
You are immune to poison.
Your flesh is cold resistant. (rC+)
You are immune to negative energy. (rN+++)
You are immune to unholy pain and torment.
You can survive without breathing.


Message History

The giant cockroach misses you.
You hit the centaur.
The centaur is moderately wounded.
The centaur closely misses you.
The giant cockroach bites you but does no damage.
You hit the centaur.
The centaur is moderately wounded.
The centaur hits you. The giant cockroach bites you. The centaur hits you!
* * * LOW HITPOINT WARNING * * *
The centaur wields a +0 shortbow.
The centaur shoots an arrow.
The arrow barely misses you.
You see here an arrow.
Attack whom?
Press: ? - help, Dir - move target cursor, f/p - centaur
Aim: a centaur, wielding a +0 shortbow and quivering 26 arrows (moderately wounded)
The giant cockroach is in the way.
You hit the giant cockroach.
You kill the giant cockroach!
The centaur shoots an arrow.
The arrow hits you.
You die...
Xom chortles!

... ## ######## ## ..
#.!....# #. #. #.####.#
#. # #. ##.####.# #. ..
#. #.....#.# #† #.#.##.
#..##.#.# #.
#......###..##.#.# ##
#....c(@...(...# #
############.### #
#......# #.## #
#......# #..# #######
#......#####.####......
#............#.........
#......##..............
#......##....#...####..
#########....#.>†# #.#


You could see a centaur.

Vanquished Creatures
  3 oozes (D:1)
  3 worms (D:2)
  2 dart slugs (D:1)
  5 leopard geckos
  A ball python (D:1)
  9 giant cockroaches
  5 goblins
  3 hobgoblins
  15 jackals (D:1)
  4 kobolds
  3 bats (D:1)
  2 frilled lizards (D:2)
  9 rats
64 creatures vanquished.

Notes
Turn   | Place    | Note
-------+----------+-------------------------------------------
     0 | D:1      | ANON1729 the Mummy Chaos Knight began the quest for the
                  | Orb.
     0 | D:1      | Reached XP level 1. HP: 18/18 MP: 1/1
     1 | D:1      | Found a runed translucent door.
    50 | D:1      | XOM: silly message
   186 | D:1      | Reached skill level 1 in Dodging
   187 | D:1      | XOM: divination: detect creatures
   206 | D:1      | Reached XP level 2. HP: 20/24 MP: 2/2
   287 | D:1      | XOM: potion effect (curing)
   402 | D:1      | Reached XP level 3. HP: 25/29 MP: 3/3
   578 | D:1      | XOM: silly message
   594 | D:1      | XOM: silly message
   762 | D:1      | XOM: smoke on damage
  1022 | D:1      | XOM: noise
  1040 | D:1      | Reached XP level 4. HP: 28/35 MP: 4/4
  1366 | D:2      | Noticed a centaur
  1382 | D:2      | Shot with an arrow by a centaur

Illustrated notes

Levels and vault maps discovered:
D:1:      dpeg_arrival_caged_fury, layout_loops_ring, roderic_serpentine_path
D:2:      layout_loops_cross, nicolae_tso_swordbearing_angel

Skill      XL: |  1  2  3 |
---------------+----------+-----
Dodging        | 1 |  1.8
Armour         | 2 |  2.3
Polearms       | 3 |  3.1
Fighting       | |  3.6

Action                   |  1- 3 |  4- 6 || total
-------------------------+-------+-------++-------
Melee: Spear             |   184 |    67 ||   251
 Stab: Paralysed         |     3 |       ||     3
       Sleeping          |       |     1 ||     1
Armor: Leather armour    |    58 |    16 ||    74
Dodge: Dodged            |    96 |    23 ||   119

Table legend: (Time is in decaauts)
 A = Elapsed time spent in this place.
 B = Non-inter-level travel time spent in this place.
 C = Inter-level travel time spent in this place.
 D = Time resting spent in this place.
 E = Time spent auto-exploring this place.
 F = Levels seen in this place.
 G = Mean time per level.
                   A        B        C        D        E       F      G
               +--------+--------+--------+--------+--------+-----+--------+
         Total |   1371 |   1348 |     23 |    285 |    706 |   2 |  685.5 |
       Dungeon |   1371 |   1348 |     23 |    285 |    706 |   2 |  685.5 |
               +--------+--------+--------+--------+--------+-----+--------+

Top non-repeatable levels by time:
     D:1: 1101 daAuts
     D:2: 269 daAuts
